 Dungeon Crawl Stone Soup version 0.31-a0-536-ga3e2962e35 (webtiles) character file.

Game seed: 7401251299546247250

507799 Ethylacetat the Skinwalker (level 25, -7/196 HPs)
             Began as an Octopode Gladiator on Aug 13, 2023.
             Was an Initiate of Gozag.
             Mangled by an acid blob (16 damage)
             ... while paralysed by a floating eye
             ... on level 5 of the Pits of Slime.
             The game lasted 02:00:25 (48274 turns).

Ethylacetat the Skinwalker (Octopode Gladiator)    Turns: 48274, Time: 02:00:27

Health: -7/196     AC: 12    Str: 17    XL:     25   Next: 42%
Magic:  0/40       EV:  2    Int:  9    God:    Gozag
Gold:   5645       SH:  0    Dex: 34    Spells: 38/51 levels left

rFire   + +          .
                       - Unarmed
rCold   + + .        (shield currently unavailable)
rNeg    . . .        (helmet currently unavailable)
rPois   ∞            B - amulet of guardian spirit
rElec   +            p - +5 ring of evasion
rCorr   +            i - ring "Konn" {Wiz rF+ rCorr Slay+2 Stlth+}
SInv    +            u - ring "Veefifeakk" {Fly rF+ rCorr Dex+2}
Will    +....        s - ring of Shadows {Umbra +Inv Stlth+} Stlth *+++++++++
                     P - ring of protection from cold
HPRegen 0.52/turn    E - ring "Kateh" {EV+5 Str+3 Int-2 Dex+3}
MPRegen 0.27/turn    f - ring of Haboef {*Corrode rC+ EV+5 Dex+5 SInv}
                     U - +4 ring of protection

%: corrode self (3%), guardian spirit, wizardry (x1)
@: paralysed, about to teleport, storm-form, corroded, blinkbolt cooldown,
flying, wreathed by umbra, studying 3 skills
A: cleaving, insubstantial, flying, almost no armour, amphibious, 8 rings,
(camouflage 1), (gelatinous body 1), (nimble swimmer 1), (tentacles), (antennae
1), (tentacle spike 1), robust 1, wild magic 1, MP-powered wands
}: 2/15 runes: serpentine, barnacled
a: Blinkbolt, Begin Untransformation, Renounce Religion, Evoke Invisibility,
Potion Petition, Call Merchant, Bribe Branch


You were on level 5 of the Pits of Slime.
You worshipped Gozag.
Gozag was greatly pleased with you.
You were a lightning-filled tempest!
You visited 10 branches of the dungeon, and saw 47 of its levels.
You also visited: Trove and Ice Cave.

You collected 23821 gold pieces.
You spent 9375 gold pieces at shops.
You paid 8801 gold pieces to Gozag.

Inventory:

Jewellery
 a - a +5 ring of evasion
 f - the ring of Haboef (on tentacle) {*Corrode rC+ EV+5 Dex+5 SInv}
   (You bought it in a shop on level 3 of the Depths)

   [ring of evasion]

   EV+5:      It affects your evasion (+5).
   Dex+5:     It affects your dexterity (+5).
   rC+:       It protects you from cold.
   SInv:      It lets you see invisible.
   *Corrode:  It may corrode you when you take damage.
 i - the ring "Konn" (right tentacle) {Wiz rF+ rCorr Slay+2 Stlth+}
   (You found it on level 1 of the Vaults)

   [ring of wizardry]

   Wiz:       It improves your spell success rate.
   Slay+2:    It affects your accuracy & damage with ranged weapons and melee
   (+2).
   rF+:       It protects you from fire.
   rCorr:     It protects you from acid and corrosion.
   Stlth+:    It makes you more stealthy.
 l - a ring of protection from fire
 p - a +5 ring of evasion (left tentacle)
 s - the ring of Shadows (on tentacle) {Umbra +Inv Stlth+}
   (You found it on level 2 of the Vaults)

   [ring of stealth]

   Umbra:     It surrounds you with an aura of shadow, increasing your stealth
   and reducing the accuracy of all others within it.
   +Inv:      It lets you turn invisible.
   Stlth+:    It makes you more stealthy.
 u - the ring "Veefifeakk" (on tentacle) {Fly rF+ rCorr Dex+2}
   (You bought it in a shop on level 4 of the Snake Pit)

   [ring of flight]

   Dex+2:     It affects your dexterity (+2).
   rF+:       It protects you from fire.
   Fly:       It grants you flight.
   rCorr:     It protects you from acid and corrosion.
 B - an amulet of guardian spirit (around neck)
 E - the ring "Kateh" (on tentacle) {EV+5 Str+3 Int-2 Dex+3}
   (You found it on level 3 of the Elven Halls)

   [ring of evasion]

   EV+5:      It affects your evasion (+5).
   Str+3:     It affects your strength (+3).
   Int-2:     It affects your intelligence (-2).
   Dex+3:     It affects your dexterity (+3).
 P - a ring of protection from cold (on tentacle)
 U - a +4 ring of protection (on tentacle)
Talismans
 L - a storm talisman (active)
Wands
 c - a wand of polymorph (6)
 w - a wand of roots (70)
 D - a wand of flame (36)
 V - a wand of digging (29)
 Y - a wand of acid (32)
Scrolls
 g - 5 scrolls of immolation
 m - 8 scrolls of fear
 n - 4 scrolls of acquirement
 o - 2 scrolls of summoning
 t - 13 scrolls of teleportation
 x - 6 scrolls of poison
 C - 11 scrolls of blinking
 I - 5 scrolls of revelation
 O - 3 scrolls of fog
 W - 3 scrolls of silence
Potions
 b - 7 potions of curing
 d - a potion of berserk rage
 h - 8 potions of brilliance
 j - a potion of invisibility
 k - 11 potions of heal wounds
 q - 6 potions of haste
 r - 3 potions of cancellation
 v - 9 potions of mutation
 G - 5 potions of attraction
 H - 5 potions of ambrosia
 M - 12 potions of might
 N - 3 potions of resistance
 R - 4 potions of enlightenment
 S - a potion of magic
Miscellaneous
 e - a phantom mirror


   Skills:
 + Level 16.6 Fighting
 - Level 6.3 Long Blades
 - Level 1.2 Polearms
 - Level 2.0 Throwing
 + Level 15.1 Dodging
 - Level 9.3 Stealth
 + Level 17.5 Unarmed Combat
 + Level 13.6 Spellcasting
 + Level 10.9 Translocations
 + Level 6.2 Transmutations
 + Level 6.4 Air Magic
 * Level 24.8 Shapeshifting


You had 38 spell levels left.
You knew the following spells:

 Your Spells              Type           Power      Damage    Failure   Level
a - Blink                 Tloc           66%        N/A       1%          2
b - Lesser Beckoning      Tloc           66%        N/A       1%          2
c - Wereblood             Tmut           22%        N/A       1%          2
d - Manifold Assault      Tloc           33%        N/A       1%          4
e - Vhi's Electric Charg  Tloc/Air       56%        N/A       1%          3

Your spell library contained the following spells:

 Spells                   Type           Power      Damage    Failure   Level
 Momentum Strike          Conj/Tloc      40%        3d9       1%          2
 Gell's Gravitas          Tloc           33%        N/A       1%          3
 Teleport Other           Tloc           33%        N/A       1%          3
 Portal Projectile        Hex/Tloc       40%        N/A       2%          3
 Volatile Blastmotes      Fire/Tloc      40%        2d13      2%          3
 Cigotuvi's Dreadful Rot  Necr/Pois/Air  26%        N/A       4%          2
 Freeze                   Ice            28%        1d5       6%          1
 Magic Dart               Conj           28%        1d4       6%          1
 Necrotise                Necr           28%        1d5       6%          1
 Summon Small Mammal      Summ           28%        N/A       6%          1
 Iskenderun's Mystic Bla  Conj/Tloc      20%        2d6       6%          4
 Searing Ray              Conj           14%        2d5       9%          2
 Dispersal                Tloc           16%        N/A       10%         6
 Summon Lightning Spire   Summ/Air       15%        N/A       14%         4
 Call Canine Familiar     Summ           7%         N/A       16%         3
 Dazzling Flash           Conj/Hex       14%        N/A       16%         3
 Frozen Ramparts          Ice            14%        1d3       16%         3
 Hailstorm                Conj/Ice       7%         3d4       16%         3
 Inner Flame              Hex/Fire       7%         N/A       16%         3
 Ozocubu's Armour         Ice            7%         N/A       16%         3
 Summon Guardian Golem    Hex/Summ       7%         N/A       16%         3
 Tukima's Dance           Hex            7%         N/A       16%         3
 Vampiric Draining        Necr           7%         2d6       16%         3
 Petrify                  Tmut/Erth      15%        N/A       16%         4
 Summon Forest            Summ/Tloc      10%        N/A       16%         5
 Arcjolt                  Conj/Air       7%         1d17      34%         5
 Silence                  Hex/Air        7%         N/A       34%         5
 Alistair's Intoxication  Tmut/Pois      10%        N/A       36%         5
 Irradiate                Conj/Tmut      7%         3d14      36%         5
 Yara's Violent Unravell  Hex/Tmut       7%         3d5       36%         5
 Fulminant Prism          Conj/Hex       3%         3d5       45%         4
 Leda's Liquefaction      Hex/Erth       3%         N/A       45%         4
 Olgreb's Toxic Radiance  Pois           7%         N/A       45%         4
 Summon Ice Beast         Ice/Summ       7%         N/A       45%         4
 Agony                    Necr           7%         N/A       77%         5
 Borgnjor's Vile Clutch   Necr/Erth      3%         N/A       77%         5
 Iskenderun's Battlesphe  Conj           7%         2d6       77%         5
 Lee's Rapid Deconstruct  Erth           3%         3d5*      77%         5
 Metabolic Englaciation   Hex/Ice        3%         N/A       77%         5
 Conjure Ball Lightning   Conj/Air       7%         3x3d6     86%         6
 Eringya's Noxious Bog    Tmut/Pois      7%         4d6       87%         6
 Disjunction              Tloc           16%        N/A       96%         8
 Malign Gateway           Summ/Tloc      10%        N/A       98%         7
 Leda's Unmaking          Conj/Erth      3%         9d1       99%         6
 Starburst                Conj/Fire      3%         6d3       99%         6
 Enfeeble                 Hex            3%         N/A       100%        7
 Orb of Destruction       Conj           3%         9d5       100%        7
 Ozocubu's Refrigeration  Ice            3%         4d8       100%        7
 Spellforged Servitor     Conj/Summ      3%         N/A       100%        7
 Summon Hydra             Summ           3%         N/A       100%        7
 Discord                  Hex            3%         N/A       100%        8
 Maxwell's Capacitive Co  Air            11%        ∞         100%        8
 Animate Armour           Summ/Erth      Unusable   N/A       N/A         4
 Simulacrum               Ice/Necr       Unusable   N/A       N/A         6

Dungeon Overview and Level Annotations

Branches:
Dungeon (15/15)            Temple (1/1) D:5            Lair (5/5) D:10
 Shoals (4/4) Lair:2        Snake (4/4) Lair:3        Slime (5/5) Lair:4
    Orc (2/2) D:12            Elf (3/3) Orc:2        Vaults (4/5) D:14
  Crypt (0/3) Vaults:3     Depths (4/4) D:15            Zot (0/5) Depths:4
  IceCv (visited)

Altars:
Ashenzari
Cheibriados
Dithmenos
Elyvilon
Fedhas
Gozag
Hepliaklqana
Kikubaaqudgha
Makhleb
Nemelex Xobeh
Okawaru
Qazlal
Ru
Sif Muna
Trog
Uskayaw
Vehumet
Wu Jian
Xom
Yredelemnul
Zin
The Shining One
Jiyva

Shops:
D:11 *   D:14 !   Orc:2 [(?[   Shoals:3 :   Snake:1 (   Snake:2 *(([
Snake:4 *=?[=[=*=   Vaults:3 [   Vaults:4 (   Depths:3 ==?

Portals:
Hell: Depths:1 Depths:2 Depths:3 Depths:4
Abyss: Snake:2 Depths:3
Pandemonium: Depths:1 Depths:2
Ziggurat: Depths:2

Annotations:
D:10 1 transporter
Shoals:4 6 transporters
Snake:1 2 transporters


Innate Abilities, Weirdness & Mutations

You are a lightning-filled tempest!
Your electrical attacks strike out in all directions at once.
You are incredibly evasive.
Your insubstantial body is immune to petrification, constriction, and being set on fire You are flying.
Your armour is entirely melded.
You are incapable of wielding weapons or throwing items.
You cannot wear most types of armour.
You are amphibious.
You can wear up to eight rings at the same time.
You are immune to poison.
((Your skin changes colour to match your surroundings (Stealth+).))
((Your rubbery body absorbs attacks. (AC +1, EV +1)))
((You are camouflaged when in or above water. (Stealth+)))
((You have tentacles for arms and can constrict up to eight enemies at once.))
((You have a pair of small antennae on your head.))
((One of your tentacles bears a spike.))
You are robust. (+10% HP)
Your spells are a little harder to cast, but a little more powerful.
You expend magic power (3 MP) to strengthen your wands.


Message History

That felt strangely unrewarding.
You hit the acid blob.
Your tentacles burn!
You blast the azure jelly!!!
You blast the acid blob!!!
Lightning courses through the acid blob!
Your tentacles burn!
Your corrosive artefact corrodes you!
The azure jelly jiggles.
The azure jelly hits you but does no damage.
The azure jelly completely misses you. x3
Two slime creatures merge to form a large slime creature.
The acid blob completely misses you.
Okay, then.
Okay, then.
As you read the scroll of teleportation, it crumbles to dust.
You feel strangely unstable.
The quicksilver ooze completely misses you. x2
The acid blob spits acid at you. The splash of acid hits you! You resist.
The azure jelly completely misses you. x4
A shining eye comes into view.
The acid blob spits acid at you. The splash of acid misses you.
The floating eye gazes piercingly through you!
You suddenly lose the ability to move!
A large slime creature splits.
A slime creature comes into view.
The acid blob hits you!!
* * * LOW HITPOINT WARNING * * *
You are splashed with acid.
You resist.
* * * LOW HITPOINT WARNING * * *
The azure jelly hits you but does no damage.
The azure jelly hits you!
* * * LOW HITPOINT WARNING * * *
The azure jelly freezes you! You resist.
* * * LOW HITPOINT WARNING * * *
The azure jelly hits you but does no damage.
The azure jelly hits you.
* * * LOW HITPOINT WARNING * * *
The acid blob spits acid at you. The splash of acid hits you! You resist.
* * * LOW HITPOINT WARNING * * *
The acid blob hits you!
You die...
Your body crumbles into a pile of gold.

#......... ##.........
#.......... .
#....$.....
.J############$.........
..JJ...#.#..#.$....$....
...#JGJ#....$.....$.....
....JJJJ......$..$.$$...
....JJJvJ..........$$...
...GJ#J..#..............
... ##..#.##...........
. ##### #...........
###......... #.........
#.......... #..........
#..........


You could see 4 acid blobs, 3 azure jellies, a large slime creature, 5 slime
creatures, a shining eye, 2 quicksilver oozes and a floating eye.

Vanquished Creatures
  the Royal Jelly (Slime:5)
  An ancient lich (Vaults:4)
  Josephina (Depths:2)
  2 royal mummies (Depths:2)
  Vv (Depths:3)
  Margery (Depths:2)
  Vashnia (Snake:4)
  Nikola (Vaults:2)
  2 caustic shrikes (Depths:3)
  2 golden dragons (Depths:3)
  the Enchantress (Depths:3)
  Norris (Depths:3)
  A bone dragon (Vaults:3)
  3 hellephants
  2 tentacled monstrosities
  Zenata (Vaults:2)
  3 deep elf blademasters
  A titan (Depths:3)
  16 acid blobs
  Polyphemus (Shoals:4)
  2 deep elf master archers (Elf:3)
  A kraken (Shoals:2)
  The ghost of Uloys the Tortoise, an adept MiBe of Trog (Depths:3)
  A shadow dragon (Depths:3)
  10 sphinxes
  Donald (Vaults:2)
  The ghost of Ciar the Earth Mage, an adept GrCj of Vehumet (Snake:2)
  Aizul (Shoals:4)
  7 fire giants
  Roxanne (Shoals:4)
  6 azure jellies
  3 rockslimes
  3 nagarajas
  The ghost of Hosunepni the Eviscerator, an adept FeBe of Trog (Vaults:2)
  5 frost giants
  An iron dragon (Depths:3)
  A deep elf sorcerer (Elf:3)
  Louise (Elf:2)
  8 vault wardens
  7 deep elf elementalists (Elf:3)
  4 draconian stormcallers (Depths:4)
  7 quicksilver oozes
  11 ironbound preservers
  4 orc warlords
  A caustic shrike skeleton (Depths:1)
  3 spriggan defenders (Depths:3)
  5 war gargoyles
  A draconian annihilator (Depths:4)
  15 very ugly things
  5 deep elf demonologists (Elf:3)
  2 formless jellyfish
  8 stone giants
  A green draconian (Depths:4)
  8 ironbound thunderhulks
  28 dire elephants
  2 vampire knights
  4 deep elf annihilators
  A spark wasp (Depths:3)
  2 yellow draconians (Depths:4)
  A red draconian (Depths:4)
  2 blizzard demons (IceCv)
  8 ettins
  An ettin (shapeshifter) (Elf:3)
  A mummy priest (Depths:2)
  5 deep elf death magi (Elf:3)
  4 crystal guardians
  3 fire dragons (Depths:3)
  9 merfolk impalers
  11 yaktaur captains
  4 merfolk javelineers
  5 deep elf high priests
  10 great orbs of eyes
  A great orb of eyes (shapeshifter) (Elf:3)
  4 rakshasas
  3 salamander tyrants (Snake:4)
  2 ogre magi
  A catoblepas (Shoals:4)
  10 ice dragons
  6 vault guards (Vaults:3)
  4 peacekeepers
  6 spriggan air magi
  4 merfolk avatars
  A radroach (shapeshifter) (D:15)
  4 hydras
  16 naga warriors
  A jorogumo (shapeshifter) (Elf:3)
  13 centaur warriors
  9 ironbound frosthearts
  7 boulder beetles
  The ghost of lis82 the Zephyrmancer, a journeyman DgAE (D:11)
  Erica (D:9)
  29 dancing weapons
  12 anacondas
  11 two-headed ogres
  An alligator snapping turtle (Shoals:3)
  2 merfolk aquamancers
  4 deep troll shamans
  2 satyrs
  4 tengu warriors
  13 death yaks
  A hell hog (Snake:2)
  4 deep troll earth magi
  4 orc high priests
  3 spriggan berserkers
  5 shock serpents
  31 deep elf knights
  2 soul eaters
  15 hell knights
  19 naga sharpshooters
  2 sun demons (D:13)
  8 skysharks
  A fire crab (D:13)
  6 iron trolls
  A skyshark (shapeshifter) (Elf:3)
  8 sea snakes
  2 spark wasp zombies (Depths:1)
  A sixfirhy (D:13)
  2 salamander mystics
  A goliath frog (shapeshifter) (Elf:3)
  11 spriggan simulacra
  12 skeletal warriors
  4 naga ritualists
  45 deep trolls
  17 deep elf archers
  6 glowing orange brains
  2 flayed ghosts
  10 wizards
  A bog body (IceCv)
  7 lindwurms
  An obsidian statue (IceCv)
  16 ironbound convokers
  32 deep elf pyromancers
  2 golden dragon skeletons (Depths:1)
  26 harpies
  Pikel (D:7)
  7 necromancers
  6 mana vipers
  A wolf spider (D:13)
  32 deep elf zephyrmancers
  An oklob plant (Lair:3)
  4 orc sorcerers
  4 orc knights
  4 shining eyes
  A mana viper (shapeshifter) (Elf:3)
  21 manticores
  A manticore (shapeshifter) (Elf:3)
  14 salamanders
  20 fauns
  32 ugly things
  A cyclops (shapeshifter) (Elf:3)
  14 cyclopes
  6 merfolk sirens
  20 elephants
  8 guardian serpents
  2 large abominations (Snake:2)
  2 guardian serpents (shapeshifter)
  4 water nymphs
  13 vault sentinels
  22 black mambas
  8 naga magi
  2 orange demons (D:13)
  An eye of devastation (Slime:2)
  5 gargoyles
  3 smoke demons (D:13)
  2 torpor snails
  9 cane toads
  2 kobold demonologists
  2 rime drakes (Lair:2)
  Psyche (D:10)
  An efreet (D:14)
  9 komodo dragons
  A spark wasp simulacrum (Depths:2)
  22 yaktaurs
  10 ice devils
  2 red devils (D:13)
  6 freezing wraiths
  A komodo dragon (shapeshifter) (D:15)
  2 anaconda simulacra (IceCv)
  A meliai (D:13)
  5 guardian mummies (Depths:2)
  5 tengu conjurers
  32 merfolk
  4 wind drakes
  3 hellwings
  8 hornets
  9 trolls
  7 polar bears
  Grinder (D:4)
  Prince Ribbit (D:5)
  9 blink frogs (Lair:5)
  4 dream sheep (Shoals:3)
  2 fire giant simulacra (Depths:2)
  9 snapping turtles
  3 air elementals
  A centaur simulacrum (D:13)
  10 spriggans
  2 spriggans (shapeshifter)
  A vampire (D:12)
  14 water elementals
  63 slime creatures
  A shadow (D:12)
  5 fire elementals
  6 wraiths
  A ynoxinul (D:13)
  A hog (shapeshifter) (D:14)
  3 basilisks
  12 wyverns
  6 golden eyes (Slime:5)
  44 yaks
  2 steam dragons
  6 redbacks (Elf:1)
  A chaos spawn (D:12)
  11 vampire mosquitoes
  2 neqoxecs (D:13)
  A harpy simulacrum (IceCv)
  5 minotaur simulacra (IceCv)
  27 nagas
  2 wargs (Orc:1)
  3 acid dragons
  3 hydra simulacra (IceCv)
  21 water moccasins
  A floating eye (shapeshifter) (Elf:3)
  45 orc warriors
  2 alligator simulacra (IceCv)
  2 ice beasts
  15 ogres
  6 sky beasts
  5 black bears
  3 centaurs
  2 boggarts
  A lemure (D:7)
  17 wolves
  2 phantoms
  A kobold brigand (D:10)
  12 bullfrogs
  2 gnoll sergeants
  3 scorpions
  10 deep troll simulacra (IceCv)
  6 earth elementals (Elf:1)
  8 wights
  3 killer bees (D:10)
  2 lindwurm simulacra (IceCv)
  5 howler monkeys
  6 electric eels
  9 hounds
  6 jellies
  21 orc priests
  3 gnoll boudas
  4 iguanas
  Ijyb (D:4)
  2 sleepcaps
  4 hell rats (Lair:5)
  35 orc wizards
  A mummy (Depths:2)
  21 gnolls
  3 adders
  A shadow imp (D:7)
  A white imp (D:6)
  An ufetubus (D:7)
  3 worms
  98 orcs
  6 endoplasms
  2 giant cockroaches
  5 goblins
  7 hobgoblins
  A jackal (D:4)
  8 kobolds
  4 ball pythons
  7 bats
  4 frilled lizards
  10 rats
  A butterfly (Lair:4)
  3 tentacles (Shoals:2)
1879 creatures vanquished.

Vanquished Creatures (others)
  A frost giant (Depths:3)
  3 stone giants (Depths:3)
  A deep elf annihilator (Elf:3)
  A rakshasa (Depths:3)
  A hydra (D:13)
  A merfolk aquamancer (Shoals:3)
  A deep troll shaman (Depths:3)
  3 deep elf knights
  A deep elf archer (Elf:1)
  2 glowing orange brains (Depths:3)
  A harpy (Shoals:4)
  5 deep elf zephyrmancers
  A mana viper (Snake:3)
  A water nymph (shapeshifter) (Vaults:4)
  A naga mage (Snake:2)
  An air elemental (Elf:1)
  An orc warrior (Orc:1)
  2 boggarts (Depths:3)
  A lurking horror (Snake:2)
  A tentacle (Shoals:2)
30 creatures vanquished.

Grand Total: 1909 creatures vanquished

Notes
Turn   | Place    | Note
-------+----------+-------------------------------------------
     0 | D:1      | Ethylacetat the Octopode Gladiator began the quest for the
                  | Orb.
     0 | D:1      | Reached XP level 1. HP: 14/14 MP: 1/1
   172 | D:1      | Reached XP level 2. HP: 15/19 MP: 2/2
   230 | D:1      | Reached skill level 1 in Stealth
   806 | D:2      | Reached XP level 3. HP: 19/25 MP: 3/3
   902 | D:2      | Found a faded altar of an unknown god.
  1154 | D:2      | Found a hide-covered altar of Uskayaw.
  1220 | D:3      | Reached skill level 1 in Shapeshifting
  1290 | D:3      | Reached XP level 4. HP: 30/30 MP: 4/4
  1444 | D:3      | Reached XP level 5. HP: 35/35 MP: 5/5
  1954 | D:4      | Reached skill level 2 in Shapeshifting
  2180 | D:4      | Reached XP level 6. HP: 42/42 MP: 6/6
  2343 | D:4      | Found a shimmering altar of Xom.
  2358 | D:4      | Noticed Ijyb
  2368 | D:4      | Killed Ijyb
  2612 | D:4      | Noticed Grinder
  2624 | D:4      | Killed Grinder
  2625 | D:4      | Reached skill level 3 in Shapeshifting
  2625 | D:4      | Reached XP level 7. HP: 25/47 MP: 7/7
  2861 | D:5      | Entered Level 5 of the Dungeon
  2911 | D:5      | Noticed Prince Ribbit
  2914 | D:5      | Found a staircase to the Ecumenical Temple.
  2932 | D:5      | Killed Prince Ribbit
  2949 | Temple   | Entered the Ecumenical Temple
  2966 | Temple   | Became a worshipper of Gozag Ym Sagoz the Greedy
  3036 | D:5      | Reached XP level 8. HP: 54/54 MP: 8/8
  3119 | D:5      | Reached skill level 5 in Stealth
  3187 | D:5      | Reached skill level 4 in Shapeshifting
  3548 | D:5      | Reached skill level 5 in Long Blades
  3548 | D:5      | Reached skill level 5 in Dodging
  3910 | D:5      | Found a glowing golden altar of the Shining One.
  4043 | D:6      | Reached skill level 5 in Shapeshifting
  4049 | D:6      | Reached XP level 9. HP: 33/60 MP: 8/9
  4052 | D:6      | Reached skill level 5 in Fighting
  4788 | D:6      | Found a burning altar of Makhleb.
  4953 | D:7      | Found a basalt altar of Yredelemnul.
  4953 | D:7      | Found a hazy altar of Hepliaklqana.
  4977 | D:7      | Found a hide-covered altar of Uskayaw.
  5014 | D:7      | Reached skill level 6 in Shapeshifting
  5339 | D:7      | Found a broken altar of Ashenzari.
  5356 | D:7      | Noticed Pikel
  5365 | D:7      | Killed Pikel
  5366 | D:7      | Reached XP level 10. HP: 63/68 MP: 10/10
  5613 | D:7      | Noticed a boulder beetle
  5768 | D:7      | Reached skill level 7 in Shapeshifting
  5968 | D:7      | Killed a boulder beetle
  5975 | D:7      | Got Asmi Fuphot's Anthology of Charming Lithomancy
  6471 | D:8      | Identified the +7 spear of Cyish {pain, rF+ Dex+3}
  7061 | D:8      | Noticed a cyclops
  7144 | D:8      | Killed a cyclops
  7145 | D:8      | Reached skill level 1 in Polearms
  7821 | D:8      | Reached skill level 1 in Unarmed Combat
  7821 | D:8      | Reached skill level 8 in Shapeshifting
  7961 | D:9      | Reached XP level 11. HP: 7/75 MP: 11/11
  8061 | D:9      | Noticed a two-headed ogre
  8062 | D:9      | Noticed a two-headed ogre
  8070 | D:9      | Killed a two-headed ogre
  8071 | D:9      | Killed a two-headed ogre
  8278 | D:9      | Noticed Erica
  8283 | D:9      | Killed Erica
  8284 | D:9      | Reached skill level 9 in Shapeshifting
  8518 | D:10     | Entered Level 10 of the Dungeon
  8524 | D:10     | Found a transporter.
  8551 | D:10     | Found a transporter.
  8559 | D:10     | Noticed Psyche
  8579 | D:10     | Killed Psyche
  8580 | D:10     | Reached skill level 1 in Spellcasting
  8668 | D:10     | Found a staircase to the Lair.
  8841 | D:10     | Found a snail-covered altar of Cheibriados.
  8932 | D:10     | Found a transporter.
  8933 | D:10     | Found a transporter.
  9775 | D:11     | Reached XP level 12. HP: 8/84 MP: 15/15
  9784 | D:11     | Reached skill level 10 in Shapeshifting
  9788 | D:11     | Reached skill level 5 in Unarmed Combat
 10009 | D:11     | Found a runed translucent door.
 10012 | D:11     | Noticed lis82's ghost (journeyman DgAE)
 10014 | D:11     | Identified the +0 trident of Ipeickuq {freeze, *Noise *Slow
                  | Will+++ rCorr}
 10157 | D:11     | Found Pecrereh's Assorted Antiques.
 10162 | D:11     | Bought a garnet ring for 130 gold pieces
 10163 | D:11     | Bought a +5 ring of evasion for 936 gold pieces
 10621 | D:12     | Found a staircase to the Orcish Mines.
 10777 | D:12     | Reached skill level 11 in Shapeshifting
 11169 | D:12     | Found a portal to a secret trove of treasure.
 11285 | D:12     | Reached XP level 13. HP: 5/92 MP: 4/20
 11589 | D:13     | Reached skill level 5 in Spellcasting
 11592 | D:13     | Reached skill level 10 in Fighting
 11822 | D:13     | Reached skill level 12 in Shapeshifting
 12120 | Lair:1   | Entered Level 1 of the Lair of Beasts
 12389 | Lair:1   | Reached skill level 13 in Shapeshifting
 12710 | Lair:1   | Reached XP level 14. HP: 20/99 MP: 23/23
 13424 | Lair:2   | Found a staircase to the Shoals.
 13573 | Lair:2   | Identified the +0 robe of the Sky {Harm rN+ Dex+2}
 13882 | Lair:3   | You are sucked into a shaft and drop 1 floor!
 13953 | Lair:4   | Found a viscous altar of Jiyva.
 13954 | Lair:4   | Found a staircase to the Slime Pits.
 13965 | Lair:3   | Reached skill level 14 in Shapeshifting
 14081 | Lair:3   | Found a staircase to the Snake Pit.
 14947 | Lair:4   | Reached skill level 15 in Shapeshifting
 15421 | Lair:5   | Entered Level 5 of the Lair of Beasts
 15508 | Lair:5   | Reached XP level 15. HP: 42/104 MP: 24/24
 15528 | Lair:5   | Reached skill level 16 in Shapeshifting
 15839 | Lair:5   | Identified the +1 leather armour "Eggiakao" {rF+}
 15849 | Lair:5   | Identified the +3 demon trident of Orrac {elec, Stlth+}
 15917 | Lair:5   | Reached skill level 17 in Shapeshifting
 16772 | D:11     | Killed lis82's ghost
 17730 | D:14     | Reached skill level 18 in Shapeshifting
 17810 | D:14     | Reached XP level 16. HP: 78/110 MP: 25/25
 18122 | D:14     | Found Qoeggameqa's Distillery.
 18129 | D:14     | Bought a potion of resistance for 110 gold pieces
 18129 | D:14     | Bought a potion of might for 44 gold pieces
 18129 | D:14     | Bought a potion of berserk rage for 55 gold pieces
 18129 | D:14     | Bought a potion of curing for 33 gold pieces
 18129 | D:14     | Bought a potion of curing for 33 gold pieces
 18129 | D:14     | Bought a potion of attraction for 33 gold pieces
 18129 | D:14     | Bought a potion of cancellation for 88 gold pieces
 18193 | D:14     | Found a glowing silver altar of Zin.
 18388 | D:14     | Found a gate to the Vaults.
 18632 | D:14     | Learned a level 2 spell: Blink
 18635 | D:14     | Learned a level 2 spell: Lesser Beckoning
 18639 | D:15     | Entered Level 15 of the Dungeon
 19175 | D:15     | Found a staircase to the Depths.
 19343 | D:15     | Reached skill level 19 in Shapeshifting
 19689 | Orc:1    | Entered Level 1 of the Orcish Mines
 19966 | Orc:2    | Entered Level 2 of the Orcish Mines
 20333 | Orc:1    | Identified the +3 scimitar of Revolt {venom, rCorr}
 20360 | Orc:1    | Identified the +8 scimitar of Summertime {heavy, *Slow rF+
                  | rCorr Int+3}
 20668 | Orc:2    | Found a staircase to the Elven Halls.
 20794 | Orc:2    | Found Kesangol's Magic Scroll Boutique.
 20805 | Orc:2    | Bought a scroll of blinking for 90 gold pieces
 20805 | Orc:2    | Bought a scroll of fear for 48 gold pieces
 20805 | Orc:2    | Bought a scroll of immolation for 48 gold pieces
 20805 | Orc:2    | Bought a scroll of amnesia for 48 gold pieces
 20903 | Orc:2    | Found Imoq's Antique Weapon Shop.
 20936 | Orc:2    | Found Ypro's Antique Armour Boutique.
 21302 | Orc:2    | Found Wedocelu's Antique Armour Boutique.
 21426 | Orc:2    | Identified 3 scrolls of acquirement
 21445 | Orc:2    | Reached skill level 5 in Translocations
 21445 | Orc:2    | Reached XP level 17. HP: 102/116 MP: 26/26
 21628 | Snake:1  | Entered Level 1 of the Snake Pit
 21701 | Snake:1  | Found a transporter.
 21703 | Snake:1  | Found Zeil's Weapon Emporium.
 21705 | Snake:1  | Found a transporter.
 21731 | Snake:1  | Reached skill level 20 in Shapeshifting
 21948 | Snake:1  | Identified the +7 spear of Kindness {spect, rElec rC+++
                  | Will- Str+3}
 22289 | Snake:2  | Reached XP level 18. HP: 112/122 MP: 27/27
 22426 | Snake:2  | Found Loss's Weapon Shoppe.
 22428 | Snake:2  | Found Kubrait's Antique Weapon Emporium.
 22431 | Snake:2  | Found Usefioroaps's Armour Shoppe.
 22587 | Snake:2  | Found Jaemiadd's General Store.
 22595 | Snake:2  | Bought a potion of curing for 51 gold pieces
 22630 | Snake:2  | Found a one-way gate to the infinite horrors of the Abyss.
 22630 | Snake:2  | Noticed Ciar's ghost (adept GrCj)
 22900 | Snake:2  | Found a transporter.
 22912 | Snake:2  | Found a transporter.
 23250 | Snake:2  | Noticed a hellephant
 23295 | Snake:3  | Found a hazy altar of Hepliaklqana.
 23969 | Snake:4  | Entered Level 4 of the Snake Pit
 24170 | Snake:4  | Bought a ring of resist corrosion for 260 gold pieces
 24172 | Snake:4  | Bought a ring of protection from fire for 500 gold pieces
 24172 | Snake:4  | Bought a +6 ring of strength for 720 gold pieces
 24184 | Snake:4  | Bought a scroll of blinking for 120 gold pieces
 24188 | Snake:4  | Bought a ring of wizardry for 510 gold pieces
 24188 | Snake:4  | Bought the ring "Veefifeakk" {Fly rF+ rCorr Dex+2} for 702
                  | gold pieces
 24188 | Snake:4  | Bought a ring of ice for 425 gold pieces
 24557 | Snake:4  | Noticed Vashnia
 24560 | Snake:4  | Found Dilekh's Armour Shop.
 24560 | Snake:4  | Found Zyelus's Jewellery Emporium.
 24566 | Snake:4  | Killed Vashnia
 24712 | Snake:4  | Bought a ring of fire for 325 gold pieces
 24712 | Snake:4  | Bought a +6 ring of dexterity for 468 gold pieces
 24720 | Snake:4  | Found Coacaf's Magic Scroll Emporium.
 24720 | Snake:4  | Found Sutofuph's Assorted Antiques.
 25075 | Snake:4  | Reached skill level 21 in Shapeshifting
 25204 | Snake:4  | Got a serpentine rune of Zot
 25386 | Snake:2  | Reached XP level 19. HP: 73/129 MP: 17/30
 25395 | Snake:2  | Killed Ciar's ghost
 25396 | Snake:2  | Killed a hellephant
 25673 | Shoals:1 | Entered Level 1 of the Shoals
 26949 | Shoals:2 | Reached skill level 10 in Unarmed Combat
 28072 | Shoals:3 | Found Rinuk's Self-Improvement Boutique.
 28126 | Shoals:3 | Bought a manual of Translocations for 800 gold pieces
 28126 | Shoals:3 | Bought a manual of Unarmed Combat for 800 gold pieces
 28177 | Shoals:3 | Reached skill level 10 in Dodging
 28387 | Shoals:4 | Entered Level 4 of the Shoals
 28387 | Shoals:4 | Noticed Roxanne
 28406 | Shoals:4 | Killed Roxanne
 28442 | Shoals:4 | Noticed Polyphemus
 28461 | Shoals:4 | Killed Polyphemus
 28819 | Shoals:4 | Got a barnacled rune of Zot
 28845 | Shoals:4 | Identified the +8 mace of the Green God {drain, rC+ Dex+3}
 28855 | Shoals:4 | Noticed Aizul
 28869 | Shoals:4 | Killed Aizul
 28870 | Shoals:4 | Reached XP level 20. HP: 131/138 MP: 31/33
 29074 | Shoals:4 | Found a transporter.
 29075 | Shoals:4 | Found a transporter.
 29124 | Shoals:4 | Found a transporter.
 29126 | Shoals:4 | Found a transporter.
 29126 | Shoals:4 | Found a transporter.
 29128 | Shoals:4 | Found a transporter.
 29616 | D:12     | You paid a toll of 14 potions of curing to enter a treasure
                  | trove
 29617 | Trove    | Entered a treasure trove
 29625 | Trove    | Identified the staff of Dullness {*Corrode rElec rN+ Will+
                  | Int+8 Necro}
 29680 | D:12     | Learned a level 2 spell: Wereblood
 29685 | D:12     | Learned a level 4 spell: Manifold Assault
 29830 | Elf:1    | Entered Level 1 of the Elven Halls
 29947 | Elf:1    | Paralysed by an air elemental for 1 turns
 30320 | Elf:1    | Got Sif Muna's Guide on Cooperative Degeneration
 31004 | Elf:1    | Reached skill level 22 in Shapeshifting
 31145 | Elf:2    | Found a frozen archway.
 31167 | IceCv    | Entered an ice cave
 31945 | IceCv    | Identified the +1 scale mail of Least Resistance {rElec rC+
                  | Will-}
 31949 | IceCv    | Identified the +0 helmet "Zof Meph" {rF+ Str+2}
 32188 | Elf:2    | Identified the +0 chain mail of Satisfaction {rF+ Dex+3}
 32236 | Elf:2    | Reached skill level 10 in Spellcasting
 32354 | Elf:2    | Noticed Louise
 32363 | Elf:2    | Killed Louise
 32621 | Elf:2    | Found a runed translucent gate.
 32621 | Elf:2    | Found a runed translucent gate.
 32621 | Elf:2    | Found a runed translucent gate.
 32782 | Elf:2    | Reached XP level 21. HP: 109/146 MP: 30/35
 33301 | Elf:3    | Entered Level 3 of the Elven Halls
 33578 | Elf:3    | Found a huge runed gate.
 33578 | Elf:3    | Found a huge runed gate.
 33579 | Elf:3    | Found a huge runed gate.
 33579 | Elf:3    | Found a huge runed gate.
 33579 | Elf:3    | Found a huge runed gate.
 33580 | Elf:3    | Found a huge runed gate.
 33580 | Elf:3    | Found a huge runed gate.
 33580 | Elf:3    | Found a huge runed gate.
 33583 | Elf:3    | Found a huge runed gate.
 33585 | Elf:3    | Found a huge runed gate.
 33585 | Elf:3    | Found a huge runed gate.
 33585 | Elf:3    | Found a huge runed gate.
 33585 | Elf:3    | Found a huge runed gate.
 33585 | Elf:3    | Found a huge runed gate.
 33585 | Elf:3    | Found a huge runed gate.
 33586 | Elf:3    | Found a huge runed gate.
 33587 | Elf:3    | Found a huge runed gate.
 33588 | Elf:3    | Found a huge runed gate.
 33636 | Elf:3    | Found a huge runed gate.
 33636 | Elf:3    | Found a huge runed gate.
 33636 | Elf:3    | Found a huge runed gate.
 33636 | Elf:3    | Found a huge runed gate.
 33636 | Elf:3    | Found a huge runed gate.
 33636 | Elf:3    | Found a huge runed gate.
 33637 | Elf:3    | Found a huge runed gate.
 33638 | Elf:3    | Found a huge runed gate.
 33639 | Elf:3    | Found a huge runed gate.
 33647 | Elf:3    | Found a huge runed gate.
 33647 | Elf:3    | Found a huge runed gate.
 33647 | Elf:3    | Found a huge runed gate.
 33647 | Elf:3    | Found a huge runed gate.
 33647 | Elf:3    | Found a huge runed gate.
 33652 | Elf:3    | Found a huge runed gate.
 33834 | Elf:3    | Found a huge runed gate.
 33843 | Elf:3    | Found a huge runed gate.
 33843 | Elf:3    | Found a huge runed gate.
 34959 | Elf:3    | Identified the ring of Inidgh {Str+4 Int+4 SInv}
 35135 | Elf:3    | Identified the staff of Dawn {rPois rF+ rCorr SInv Poison}
 35136 | Elf:3    | Identified the amulet of Faaxues {Faith rC- Int+6 Slay+5}
 35140 | Elf:3    | Identified the amulet of Vytaiboi {RegenMP Str+3}
 35143 | Elf:3    | Identified the +1 pair of gloves of the Griffon {Str+4}
 35145 | Elf:3    | Identified the +3 war axe of Keuzetae {holy, *Rage rElec
                  | rPois Stlth+}
 35146 | Elf:3    | Identified the ring "Kateh" {EV+5 Str+3 Int-2 Dex+3}
 35148 | Elf:3    | Identified the +1 battleaxe of Ravage {heavy, rElec rC+
                  | Str+4 Dex+2}
 35722 | Depths:1 | Entered Level 1 of the Depths
 35839 | Depths:1 | Found a one-way gate leading to the halls of Pandemonium.
 35925 | Depths:1 | Found a gateway to Hell.
 36013 | Depths:1 | Reached skill level 23 in Shapeshifting
 36114 | Depths:1 | Reached XP level 22. HP: 149/155 MP: 34/37
 36215 | Depths:1 | Identified the ring "Tylom" {Wiz rCorr MP+9}
 36456 | Depths:2 | Identified the ring "Zackaos" {Ice Will+ Str+4 Int+3
                  | Stlth-}
 36456 | Depths:2 | Noticed Josephina
 36463 | Depths:2 | Killed Josephina
 36473 | Depths:2 | Noticed Margery
 36483 | Depths:2 | Killed Margery
 36637 | Depths:2 | Reached skill level 15 in Unarmed Combat
 36649 | Depths:2 | Paralysed by a sphinx for 2 turns
 36717 | Depths:2 | Noticed a royal mummy
 36726 | Depths:2 | Killed a royal mummy
 37203 | Depths:2 | Noticed a royal mummy
 37209 | Depths:2 | Killed a royal mummy
 37691 | Depths:2 | Found a one-way gateway to a ziggurat.
 38441 | Depths:3 | Noticed the Enchantress
 38449 | Depths:3 | Killed the Enchantress
 38673 | Depths:3 | Noticed a caustic shrike
 38683 | Depths:3 | Killed a caustic shrike
 38815 | Depths:3 | Reached skill level 15 in Fighting
 38884 | Depths:3 | Noticed a golden dragon
 38887 | Depths:3 | Noticed a caustic shrike
 38887 | Depths:3 | Paralysed by a sphinx for 2 turns
 39185 | Depths:3 | Bought an amulet of regeneration for 510 gold pieces
 39185 | Depths:3 | Bought a ring of willpower for 425 gold pieces
 39578 | Depths:3 | Found the +5 glaive of the Guard {elec, spectral, AC+5}
 39762 | Depths:3 | Killed a caustic shrike
 39762 | Depths:3 | Killed a golden dragon
 39763 | Depths:3 | Reached XP level 23. HP: 124/162 MP: 30/39
 39924 | Depths:3 | Noticed Vv
 39948 | Depths:3 | Killed Vv
 40237 | Depths:3 | Noticed Norris
 40246 | Depths:3 | Killed Norris
 40672 | Depths:3 | Found a runed translucent gate.
 40672 | Depths:3 | Found a runed translucent gate.
 40673 | Depths:3 | Found a runed translucent gate.
 40675 | Depths:3 | Noticed a golden dragon
 40676 | Depths:3 | Noticed Uloys's ghost (adept MiBe)
 40706 | Depths:3 | Killed Uloys's ghost
 40711 | Depths:3 | Killed a golden dragon
 40925 | Depths:3 | Learned a level 3 spell: Vhi's Electric Charge
 41035 | Depths:3 | Bought the ring of Haboef {*Corrode rC+ EV+5 Dex+5 SInv}
                  | for 1063 gold pieces
 41052 | Depths:4 | Entered Level 4 of the Depths
 41085 | Depths:4 | Reached skill level 1 in Air Magic
 41093 | Depths:4 | Reached skill level 1 in Transmutations
 41302 | Depths:4 | Found a gate to the Realm of Zot.
 41941 | Vaults:1 | Entered Level 1 of the Vaults
 41997 | Vaults:1 | Reached skill level 24 in Shapeshifting
 42351 | Vaults:1 | Found a runed translucent door.
 42618 | Vaults:1 | Identified the ring "Konn" {Wiz rF+ rCorr Slay+2 Stlth+}
 43167 | Vaults:1 | Identified the +5 demon trident "Grim Tooth" {freeze, rPois
                  | rC+ Dex+3 SInv}
 43352 | Vaults:2 | Noticed Donald
 43358 | Vaults:2 | Killed Donald
 43436 | Vaults:2 | Reached XP level 24. HP: 171/171 MP: 39/39
 43848 | Vaults:2 | Noticed Nikola
 43858 | Vaults:2 | Killed Nikola
 43868 | Vaults:2 | Noticed Zenata
 43879 | Vaults:2 | Killed Zenata
 44909 | Vaults:2 | Found a large runed translucent door.
 44909 | Vaults:2 | Found the ring of Shadows {Umbra +Inv Stlth+}
 44910 | Vaults:2 | Found a large runed translucent door.
 44911 | Vaults:2 | Noticed Hosunepni's ghost (adept FeBe)
 45002 | Vaults:2 | Killed Hosunepni's ghost
 45155 | Vaults:3 | Found Zimpunto's Armour Shoppe.
 45172 | Vaults:3 | You are sucked into a shaft and drop 1 floor!
 45271 | Vaults:4 | Reached skill level 5 in Air Magic
 45453 | Vaults:3 | Reached skill level 5 in Transmutations
 45856 | Vaults:3 | Found a staircase to the Crypt.
 46938 | Vaults:4 | Noticed an ancient lich
 46953 | Vaults:4 | Killed an ancient lich
 46956 | Vaults:4 | Reached skill level 10 in Translocations
 46958 | Vaults:4 | Reached XP level 25. HP: 170/179 MP: 40/40
 46972 | Vaults:4 | Identified the ring "Rouqe" {rN+ rCorr SInv}
 46981 | Vaults:4 | Identified the ring "Hoxiucw" {rPois rN+}
 47375 | Vaults:4 | Found Disec's Weapon Boutique.
 47739 | Slime:1  | Entered Level 1 of the Pits of Slime
 47787 | Slime:1  | Reached skill level 15 in Dodging
 48064 | Slime:4  | Gained mutation: You occasionally lose the ability to read
                  | scrolls when taking damage. [a shining eye]
 48066 | Slime:4  | Gained mutation: Your magical capacity is low. (-10% MP) [a
                  | shining eye]
 48123 | Slime:5  | Entered Level 5 of the Pits of Slime
 48132 | Slime:5  | Lost mutation: Your magical capacity is low. (-10% MP)
                  | [potion of mutation]
 48132 | Slime:5  | Lost mutation: You occasionally lose the ability to read
                  | scrolls when taking damage. [potion of mutation]
 48132 | Slime:5  | Gained mutation: You do not regenerate when monsters are
                  | visible. [potion of mutation]
 48132 | Slime:5  | Gained mutation: You have a pair of small antennae on your
                  | head. [potion of mutation]
 48132 | Slime:5  | Gained mutation: You are covered in fur. (AC +1) [potion of
                  | mutation]
 48132 | Slime:5  | Gained mutation: You have supernaturally acute eyesight.
                  | (SInv) [potion of mutation]
 48133 | Slime:5  | Lost mutation: You are covered in fur. (AC +1) [potion of
                  | mutation]
 48133 | Slime:5  | Lost mutation: You do not regenerate when monsters are
                  | visible. [potion of mutation]
 48133 | Slime:5  | Lost mutation: You have supernaturally acute eyesight.
                  | (SInv) [potion of mutation]
 48133 | Slime:5  | Gained mutation: You are robust. (+10% HP) [potion of
                  | mutation]
 48133 | Slime:5  | Gained mutation: You expend magic power (3 MP) to
                  | strengthen your wands. [potion of mutation]
 48133 | Slime:5  | Gained mutation: Your spells are a little harder to cast,
                  | but a little more powerful. [potion of mutation]
 48133 | Slime:5  | Gained mutation: One of your tentacles bears a spike.
                  | [potion of mutation]
 48252 | Slime:5  | Found a viscous altar of Jiyva.
 48252 | Slime:5  | Noticed the Royal Jelly
 48256 | Slime:5  | Killed the Royal Jelly
 48273 | Slime:5  | Paralysed by a floating eye for 2 turns
 48274 | Slime:5  | HP: 9/196 [acid blob/splash of acid (8)]
 48274 | Slime:5  | Mangled by an acid blob

Illustrated notes

Levels and vault maps discovered:
D:1:      lightli_arrival_statue_moat, layout_basic
D:2:      layout_basic, hellmonk_ecumenical_altar_pennies_from_heaven,
          basic_altar
D:3:      layout_loops_cross
D:4:      layout_loops_ring, dk_xom_monty_hall, chequers_serial_rivers_room_b,
          st_stairs_7, uniq_grinder, uniq_ijyb
D:5:      layout_loops_ring, tso_altar, minmay_temple_entry_crystal_x,
          uniq_prince_ribbit1
D:6:      layout_cave_pools, makhleb_heckhound_becter, kennysheep_generic_room_4
D:7:      minmay_clustersquares, layout_basic, mainiacjoe_overflow_divided_tiny,
          old_standard_altar, mainiacjoe_overflow_surrounded_room,
          kennysheep_small_circle, uniq_pikel
D:8:      layout_basic, supply_closet_lemuel, kennysheep_island_fort
D:9:      layout_roguey, serial_curves, eino_curves_03, eino_curves_03,
          uniq_erica
D:10:     layout_basic, mainiacjoe_overflow_alcove_1, minmay_lair_entry_grove,
          serial_ice, serial_ice_a, serial_ice_m, serial_ice_g, serial_ice_b,
          nicolae_transporter_circle, uniq_psyche
D:11:     layout_loops_ring, serial_shops, nicolae_shop_tiny_statue_garden,
          ebering_ghost_funeral_grove
D:12:     layout_cave_pools, orc_0_dummy, nicolae_trove_entry_crystal,
          kennysheep_opposing_triangles
D:13:     minmay_quarter_circles, layout_cave_pools, serial_demonic,
          serial_demonic_a, serial_demonic_b, serial_demonic_f,
          serial_demonic_c, serial_demonic_d, serial_demonic_g,
          serial_demonic_d, hangedman_decor_push, columned_hall_lemuel
D:14:     layout_irregular_city, skrybe_vaults_entry_preservation,
          nicolae_benzene_ring, serial_shops, shop, zin_treasury
D:15:     gammafunk_enter_depths_forms, layout_irregular_city,
          hangedman_decor_clover_reticule, minivault_11
Temple:   zaba_magenta_temple
Lair:1:   layout_cave_pods, minivault_27, serial_bayou_lagoon_a
Lair:2:   layout_gridlike, elwin_shoals_entry_rocks, serial_bayou_shore_a
Lair:3:   layout_roguey, minmay_snake_entry_spellcaster, grunt_megastairs_2
Lair:4:   layout_cave_pods, slime_entry_1, lemuel_fruit_fields
Lair:5:   gammafunk_lair_ancient_temple, layout_long_grid,
          infiniplex_staircase_pool
Shoals:1: layout_shoals, nicolae_shoals_lost_giant_temple
Shoals:2: layout_shoals
Shoals:3: layout_shoals, nicolae_shop_self_help
Shoals:4: shoals_end_grunt_garden, layout_shoals, serial_nicolae_subway,
          nicolae_sub_station_metal, nicolae_sub_station_crystal,
          nicolae_sub_station_stone, uniq_roxanne, uniq_aizul, uniq_polyphemus
Snake:1:  layout_misc_corridors, serial_shops, nicolae_shop_drivethru,
          nicolae_snake_flat_spine
Snake:2:  layout_onion, serial_shops, shop, gammafunk_ghost_abyssal_escape,
          minmay_shop_star
Snake:3:  layout_rooms, basic_altar
Snake:4:  grunt_snake_rune_serpentine_throne, layout_rooms,
          nicolae_snake_serpentine_bazaar, uniq_vashnia
Slime:1:  layout_caves
Slime:2:  nicolae_slime_pool, layout_caves, nicolae_slime_barrier,
          cheibrodos_slime_lost_civilization_4
Slime:3:  layout_caves
Slime:4:  layout_caves
Slime:5:  slime_pit_nicolae_inversion
Orc:1:    layout_diamond_mine, elf_legates
Orc:2:    grunt_orc_community_town_hall, layout_caves,
          grunt_orc_community_big_house_2, grunt_orc_community_big_house_2,
          grunt_orc_community_house_3, grunt_orc_community_house_3,
          grunt_orc_community_house_2, grunt_orc_community_house_1
Elf:1:    minmay_the_grid_triangle_9x9_rhombus_full_mashed
          [minmay_the_grid_triangle_9x9_corrupted_corridor,
          minmay_the_grid_triangle_9x9_windchime,
          minmay_the_grid_triangle_9x9_swiss_cheese,
          minmay_the_grid_triangle_9x9_odd_lines,
          minmay_the_grid_triangle_9x9_semitri,
          minmay_the_grid_triangle_9x9_thin_v,
          minmay_the_grid_triangle_9x9_zippers_vertical,
          minmay_the_grid_triangle_9x9_prize_insulated],
          layout_geoelf_diagonals, minivault_28, drop_trap
Elf:2:    elven_hall_of_blades_hangedman_original [grunt_blade_entry_basic],
          layout_geoelf_octagon, portal_ice_cave_entry_pillars_2, uniq_louise
Elf:3:    elf_hall, layout_loops_ring, not_door_vault_due
Vaults:1: hangedman_vaults_impose, nicolae_vaults_mitosis,
          nicolae_vaults_six-pack, nicolae_vaults_oozy_zoo,
          nicolae_vaults_network_square, nicolae_vaults_network_s,
          vaults_mumra_minichess_inversion, nicolae_vaults_closet_pinwheel_2,
          v_misc_14, nicolae_vaults_tetromino_Z_2,
          hangedman_vaults_corner_blocks, layout_vaults_omnibox
Vaults:2: ebering_ghost_disaster_area, nicolae_vaults_security_offices_4,
          nicolae_vaults_big_ls, vaults_room_door_hall,
          nicolae_vaults_storage_closets_3, nicolae_vaults_little_squares_2,
          nicolae_vaults_little_squares_4, v_alt_pattern_6,
          ontoclasm_vaults_hangar, layout_vaults_omnigrid, uniq_donald,
          uniq_zenata, uniq_nikola
Vaults:3: vaults_room_grid, grunt_vaults_hallway_long, vaults_dpeg_hooks,
          vaults_room_door_ring, grunt_vaults_focal, hangedman_vaults_corner,
          minmay_crypt_entry_nasty_monster, dpeg_vaults_monster_box, v_misc_9,
          nicolae_vaults_lightning_bolt, vaults_room_corners,
          nicolae_vaults_trapezoid_3, hangedman_vaults_trim,
          vaults_room_grunt_arrival_checkpoint, layout_vaults_chaotic_city
Vaults:4: v_misc_10, nicolae_vaults_double_plus_1, nicolae_vaults_tangram_2,
          nicolae_vaults_taking_the_gang_shopping, v_misc_27, v_pattern_3,
          v_misc_29, ontoclasm_vaults_chip, dpeg_vaults_hating_casters,
          hangedman_vaults_stretched_pinwheel,
          nicolae_vaults_trapezoid_lopsided_3, nicolae_vaults_asterisk,
          layout_vaults_ring
Depths:1: layout_cave_pools, rand_demon_pan_entry_7, dk_noncrumbling_4,
          hell_entry, kennysheep_generic_room_6
Depths:2: ragdoll_tomb_raider, layout_gridlike, enter_ziggurat_a,
          grunt_metal_band, pan_entry, grunt_megastairs_5,
          infiniplex_staircase_pillars_1, uniq_josephina
Depths:3: minmay_guarded_unrand_guard, layout_gridlike,
          abyss_entry_small_statue_room, pf_hell_entry_great_geh,
          gammafunk_ghost_tricky_traps, infiniplex_staircase_x,
          grunt_megastairs_3, kennysheep_random_hallway, uniq_vv, uniq_margery,
          uniq_enchantress, uniq_norris
Depths:4: evilmike_zot_entry_argh, layout_cave_pools, hell_entry, nrook_uturn

Skill      XL: |  1  2  3  4  5  6  7  8  9 10 11 12 13 14 15 16 17 18 19 20 21 22 23 24 25 |
---------------+----------------------------------------------------------------------------+-----
Stealth        | 1 2 3 4 6 8 9 |  9.3
Shapeshifting  | 1 2 3 5 6 8 9 11 13 15 18 19 20 21 22 23 24 | 24.8
Fighting       | 3 4 6 7 8 9 10 11 12 13 14 15 16 | 16.6
Dodging        | 4 5 6 7 8 10 11 12 13 14 15 | 15.1
Long Blades    | 4 5 6 |  6.3
Polearms       | 1 |  1.2
Unarmed Combat | 1 4 6 8 9 11 13 14 16 17 | 17.5
Spellcasting   | 2 4 6 7 9 10 11 12 13 | 13.6
Translocations | 5 7 10 | 10.9
Air Magic      | 3 5 6 |  6.4
Transmutations | 3 5 6 |  6.2
Throwing       | |  2.0

Action                     |  1- 3 |  4- 6 |  7- 9 | 10-12 | 13-15 | 16-18 | 19-21 | 22-24 | 25-27 || total
---------------------------+-------+-------+-------+-------+-------+-------+-------+-------+-------++-------
  Melee: Long sword        |    65 |    76 |   243 |       |       |       |       |       |       ||   384
         Constrict         |    18 |    15 |    47 |    10 |       |       |       |       |       ||    90
         Tentacles         |     9 |    27 |    79 |    41 |       |       |       |       |       ||   156
         Punch             |       |     2 |     4 |     9 |    34 |    45 |   106 |   149 |    29 ||   378
         Unarmed           |       |       |     8 |   360 |   574 |   854 |  1255 |  1016 |   175 ||  4242
         Spear             |       |       |       |    41 |       |       |       |       |       ||    41
 Invoke: Call Merchant     |       |       |       |       |       |     5 |       |     3 |       ||     8
Ability: Blinkbolt         |       |       |       |     9 |     9 |     5 |    12 |    11 |     4 ||    50
    Use: Scroll            |       |       |     4 |       |       |    16 |     1 |     1 |     1 ||    23
         Potion            |       |       |     2 |     1 |     1 |     1 |       |       |     2 ||     7
   Stab: Sleeping          |    13 |    11 |    12 |    14 |    12 |    26 |    24 |    43 |    14 ||   169
         Distracted        |       |       |     4 |     3 |     9 |    10 |    22 |    26 |     2 ||    76
         Paralysed         |       |       |       |     3 |       |       |       |       |       ||     3
 Armour: Skin              |     6 |     2 |    35 |    23 |    47 |    62 |   108 |    64 |    19 ||   366
  Dodge: Dodged            |    30 |    44 |   192 |   391 |   874 |  1028 |  1581 |  1218 |   203 ||  5561
   Form: Flux              |       |       |     1 |       |       |       |       |       |       ||     1
                           |       |       |       |     1 |       |     1 |       |       |       ||     2
         Storm             |       |       |       |     1 |       |     1 |       |       |       ||     2

Table legend: (Time is in decaauts)
 A = Elapsed time spent in this place.
 B = Non-inter-level travel time spent in this place.
 C = Inter-level travel time spent in this place.
 D = Time resting spent in this place.
 E = Time spent auto-exploring this place.
 F = Levels seen in this place.
 G = Mean time per level.
                   A        B        C        D        E       F      G
               +--------+--------+--------+--------+--------+-----+--------+
         Total |  47533 |  44256 |   3277 |   1540 |  33645 |  49 |  970.1 |
       Dungeon |  15868 |  14533 |   1335 |    416 |  11462 |  15 | 1057.9 |
        Temple |     34 |      2 |     32 |      0 |      0 |   1 |   34.0 |
          Lair |   4444 |   3997 |    447 |      0 |   3274 |   5 |  888.8 |
        Shoals |   3739 |   3609 |    130 |      0 |   2821 |   4 |  934.8 |
     Snake Pit |   3922 |   3642 |    280 |      0 |   2833 |   4 |  980.5 |
    Slime Pits |    494 |    488 |      6 |      0 |    194 |   5 |   98.8 |
  Orcish Mines |   1929 |   1657 |    272 |      0 |   1266 |   2 |  964.5 |
   Elven Halls |   4561 |   4430 |    131 |    728 |   2608 |   3 | 1520.3 |
        Vaults |   5482 |   5156 |    326 |      0 |   4197 |   4 | 1370.5 |
        Depths |   6025 |   5710 |    315 |    396 |   4278 |   4 | 1506.2 |
         Trove |     56 |     56 |      0 |      0 |      0 |   1 |   56.0 |
      Ice Cave |    973 |    973 |      0 |      0 |    712 |   1 |  973.0 |
               +--------+--------+--------+--------+--------+-----+--------+

Top non-repeatable levels by time:
Depths:3: 2688 daAuts
Depths:2: 1960 daAuts
   Elf:2: 1921 daAuts
Vaults:2: 1750 daAuts
     D:7: 1622 daAuts
     D:8: 1522 daAuts
   Elf:3: 1413 daAuts
    D:13: 1412 daAuts
Vaults:1: 1408 daAuts
Vaults:3: 1363 daAuts
    D:10: 1339 daAuts
   Orc:2: 1298 daAuts
 Snake:2: 1282 daAuts
   Elf:1: 1227 daAuts
 Snake:4: 1211 daAuts
